 Dungeon Crawl Stone Soup version 0.22.0-1-g6561e4c (webtiles) character file.

3306 Goblin1989 the Blocker (level 10, 0/80 HPs)
             Began as a Gnoll Fighter on Aug 12, 2018.
             Was an Initiate of Wu Jian.
             Slain by a hellwing (10 damage)
             ... summoned by a kobold demonologist
             ... in a bailey.
             The game lasted 00:23:00 (8714 turns).

Goblin1989 the Blocker (Gnoll Fighter)              Turns: 8714, Time: 00:23:01

Health: 0/80       AC:  8    Str: 19    XL:     10   Next: 1%
Magic:  17/17      EV: 17    Int: 14    God:    Wu Jian [......]
Gold:   25         SH: 12    Dex: 22    Spells: 18/18 levels left

rFire    + . .     SeeInvis .   a - +0 war axe
rCold    + . .     Gourm    .   c - +0 shield
rNeg     . . .     Faith    .   b - +0 scale mail
rPois    +         Spirit   .   (no helmet)
rElec    +         Reflect  .   (no cloak)
rCorr    +         Harm     .   (no gloves)
MR       .....                  (no boots)
Stlth    +++.......             (no amulet)
HPRegen  0.23/turn              j - +3 ring of dexterity
MPRegen  0.15/turn              (no ring)

@: agile, resistant
A: distributed training, fangs 1, strong nose
a: Renounce Religion


You were in a bailey.
You worshipped Wu Jian.
Wu Jian was noncommittal.
You were not hungry.

You visited 2 branches of the dungeon, and saw 8 of its levels.
You also visited: Sewer and Bailey.

You collected 311 gold pieces.
You spent 286 gold pieces at shops.

Inventory:

Hand Weapons
 a - a +0 war axe (weapon)
 f - a +0 hunting sling
 w - a +0 blowgun {@w1}
 T - a +0 whip of flaming
Missiles
 h - 214 stones (quivered) {@Q3}
 l - 118 arrows
 I - 15 poisoned needles
 P - 51 bolts
 S - 43 sling bullets
Armour
 b - a +0 scale mail (worn)
 c - a +0 shield (worn)
 B - a +0 plate armour
Jewellery
 j - a +3 ring of dexterity (left hand)
 k - an uncursed ring of ice
 W - a +3 ring of slaying {unknown}
Scrolls
 i - 5 scrolls of teleportation {unknown}
 q - 8 scrolls of identify {unknown}
 A - a scroll of fog {unknown}
 K - 4 scrolls of remove curse {@r3}
 Q - 2 scrolls of enchant armour {unknown}
Potions
 d - 3 potions of might {@q4}
 o - 4 potions of mutation {unknown}
 p - 8 potions of curing {@q1}
 t - 2 potions of ambrosia {unknown}
 v - 2 potions of haste
 z - 2 potions of cancellation {unknown}
 D - 4 potions of heal wounds {unknown}
 E - 4 potions of brilliance
 G - 2 potions of agility
 H - 4 potions of flight
 J - a potion of lignification {unknown}
 V - a potion of magic
Comestibles
 e - 5 rations
 X - 5 chunks of flesh


   Skills:
 + Level 8.1 Fighting
 + Level 4.7 Short Blades
 + Level 4.7 Long Blades
 + Level 6.6 Axes
 + Level 4.7 Maces & Flails
 + Level 4.7 Polearms
 + Level 4.7 Staves
 + Level 4.7 Slings
 + Level 4.7 Bows
 + Level 4.7 Crossbows
 + Level 4.7 Throwing
 + Level 8.1 Armour
 + Level 4.7 Dodging
 + Level 4.7 Stealth
 + Level 8.1 Shields
 + Level 4.7 Unarmed Combat
 + Level 4.7 Spellcasting
 + Level 3.9 Conjurations
 + Level 3.9 Hexes
 + Level 3.9 Charms
 + Level 3.9 Summonings
 + Level 3.9 Necromancy
 + Level 3.9 Translocations
 + Level 3.9 Transmutations
 + Level 3.9 Fire Magic
 + Level 3.9 Ice Magic
 + Level 3.9 Air Magic
 + Level 3.9 Earth Magic
 + Level 3.9 Poison Magic
 + Level 5.2 Invocations
 + Level 4.7 Evocations


You had 18 spell levels left.
You didn't know any spells.
Your spell library contained the following spells:

 Spells                   Type           Power        Failure   Level  Hunger
 Conjure Flame            Conj/Fire      ##......     56%         3    ###....
 Freezing Cloud           Conj/Ice/Air   ##........   100%        6    #######
 Mephitic Cloud           Conj/Pois/Air  ##......     56%         3    ###....
 Ring of Flames           Chrm/Fire      ##........   100%        7    #######
 Poisonous Vapours        Pois/Air       ##....       34%         2    ##.....


Dungeon Overview and Level Annotations

Branches:
Dungeon (7/15)             Temple (1/1) D:7

Altars:
Ashenzari
Dithmenos
Elyvilon
Hepliaklqana
Nemelex Xobeh
Ru
Sif Muna
Uskayaw
Vehumet
Wu Jian
Yredelemnul
Zin

Shops:
D:6 !

Annotations:
D:2 1 runed door
D:3 2 runed doors, Gorglomux's ghost, amateur DsGl


Innate Abilities, Weirdness & Mutations

Your experience applies equally to all skills.
You have very sharp teeth.
Your uncanny sense of smell can sniff out nearby items.


Message History

You slash the orc warrior!
The orc warrior is heavily wounded.
You hit the crimson imp but do no damage.
You hit the white imp. You closely miss the hobgoblin.
You block the orc warrior's attack. The white imp misses you.
The crimson imp blinks!
The hobgoblin barely misses you. The orc warrior barely misses you.
The shadow imp lashes its tail.
You slash the orc warrior!
The orc warrior is almost dead.
You hit the hobgoblin. You hit the white imp.
You kill the white imp!
You hit the shadow imp but do no damage.
You block the hobgoblin's attack. You block the shadow imp's attack.
The kobold demonologist mumbles some strange words.
The orc warrior misses you.
You closely miss the orc warrior.
The orc warrior is almost dead.
Your shield and scale mail prevent you from hitting the hobgoblin.
You hit the kobold demonologist.
You hit the shadow imp but do no damage.
The hobgoblin misses you.
The kobold demonologist barely misses you.
The orc warrior hits you with a war axe!
You take 15 damage, and have 38/74 hp.
MASSIVE DAMAGE!!
You hit the kobold demonologist.
The kobold demonologist is lightly wounded.
You hit the crimson imp but do no damage.
You closely miss the orc warrior. You hit the hobgoblin.
You kill the hobgoblin!
The Council accepts your kill.
The hellwing swoops through the air toward you!
You block the hellwing's attack. The hellwing barely misses you.
You block the kobold demonologist's attack.
You block the crimson imp's attack. You block the orc warrior's attack.
You slash the hellwing!
You bite the hellwing, but do no damage.
The hellwing is lightly wounded.
You slash the orc warrior!
You kill the orc warrior!
The Council accepts your kill.
You have reached level 10!
You hit the shadow imp but do no damage.
You barely miss the kobold demonologist.
You miss the crimson imp. You block the hellwing's attack.
The hellwing hits you.
* * * LOW HITPOINT WARNING * * *
The crimson imp completely misses you.
The kobold demonologist mumbles some strange words.
The kobold demonologist hits you but does no damage.
You take 2 damage, and have 36/80 hp.
MP restored: 17 You slash the kobold demonologist!
The kobold demonologist is heavily wounded.
You barely miss the shadow imp. You hit the shadow imp.
You hit the hellwing but do no damage. You slash the crimson imp!
You block the shadow imp's attack. x2; The hellwing hits you.
* * * LOW HITPOINT WARNING * * *
The hellwing barely misses you. The crimson imp barely misses you.
The shadow imp closely misses you. The shadow imp misses you.
You take 1 damage, and have 35/80 hp.
You barely miss the orc warrior. You hit the shadow imp. x2
You kill the shadow imp!
You hit the hellwing.
You closely miss the kobold demonologist.
You hit the crimson imp but do no damage.
The hellwing hits you!
* * * LOW HITPOINT WARNING * * *
You block the hellwing's attack.
The crimson imp shouts, "Slither away, thou dankish ill-breeding buzzard-bait!"
The crimson imp barely misses you.
The kobold demonologist barely misses you.
The orc warrior misses you.
The hellwing hits you but does no damage.
The hellwing misses you.
You take 8 damage, and have 27/80 hp.
You slash the kobold demonologist!
Your bite misses the kobold demonologist.
The kobold demonologist is severely wounded.
You barely miss the crimson imp.
You hit the orc warrior but do no damage.
You closely miss the ice devil. You slash the gnoll!
You barely miss the hellwing. The gnoll misses you.
The kobold demonologist begins to cast a cantrip, but forgets the words!
You block the crimson imp's attack. The kobold demonologist misses you.
The orc warrior hits you with a hand axe!
* * * LOW HITPOINT WARNING * * *
The hellwing hits you!
* * * LOW HITPOINT WARNING * * *
The hellwing hits you.
* * * LOW HITPOINT WARNING * * *
The gnoll misses you. The crimson imp barely misses you.
You take 18 damage, and have 9/80 hp.
MASSIVE DAMAGE!!
Unknown command.
It was a potion of resistance.
You feel protected. You block the ice devil's attack.
The kobold demonologist mumbles some strange words.
The hellwing hits you!
You die...

..≈≈≈≈≈.█▲▲████
..≈≈≈≈≈.█.....██....█
........∆)....██....█
........∆).Ψ..██..⌂.█
........))....██....█ ██
..≈≈≈≈≈.█.....██....█..█
..≈≈≈≈≈.█∆∆█████5...█..█
█.≈≈≈≈≈.█......█g4..█))█
█≈≈≈≈≈≈.█......█@oK.█∆∆
█≈≈≈≈≈██████...4K5.██
█≈≈≈≈≈█ █.8.8.8.▲
█≈≈≈≈≈█ █.....4.█
█≈≈≈≈≈█


███████▲█ █≈≈≈≈≈█∆ █≈≈≈≈≈█ You could see a hellwing, an ice devil, a rust devil,
2 kobold demonologists, an orc warrior, a gnoll, a crimson imp and a shadow imp.

Vanquished Creatures
  Pikel (D:6)
  Sigmund (D:2)
  2 orc warriors (Bailey)
  2 ice beasts
  2 slaves (D:6)
  3 ogres
  2 centaurs
  2 bullfrogs (D:7)
  4 big kobolds (Sewer)
  A wyvern skeleton (D:6)
  3 scorpions
  6 killer bees (D:7)
  2 howler monkeys
  2 crimson imps
  A centaur zombie (D:6)
  3 orc wizards
  2 orc priests (D:5)
  2 hounds
  A centaur skeleton (D:4)
  3 iguanas
  5 worker ants
  A killer bee zombie (D:7)
  A hound skeleton (D:6)
  A howler monkey zombie (D:5)
  A howler monkey skeleton (D:7)
  5 gnolls
  18 adders
  8 river rats
  2 shadow imps
  An ooze (D:2)
  An adder zombie (D:5)
  3 worms
  2 dart slugs
  4 leopard geckos
  15 orcs
  7 bats
  7 giant cockroaches
  10 goblins
  3 hobgoblins
  16 jackals
  2 quokkas (D:5)
  5 ball pythons (Sewer)
  8 frilled lizards
  A jackal skeleton (D:4)
  17 kobolds
  21 rats
210 creatures vanquished.

Vanquished Creatures (others)
  A slave (D:6)
1 creature vanquished.

Grand Total: 211 creatures vanquished

Notes
Turn   | Place    | Note
-------+----------+-------------------------------------------
     0 | D:1      | Goblin1989 the Gnoll Fighter began the quest for the Orb.
     0 | D:1      | Reached XP level 1. HP: 23/23 MP: 1/1
   205 | D:1      | Reached XP level 2. HP: 29/29 MP: 2/2
   532 | D:1      | Reached XP level 3. HP: 35/35 MP: 3/3
   855 | D:2      | Reached skill level 1 in Invocations
   859 | D:2      | Reached skill level 1 in Short Blades
   859 | D:2      | Reached skill level 1 in Long Blades
   859 | D:2      | Reached skill level 1 in Maces & Flails
   859 | D:2      | Reached skill level 1 in Polearms
   859 | D:2      | Reached skill level 1 in Staves
   859 | D:2      | Reached skill level 1 in Slings
   859 | D:2      | Reached skill level 1 in Bows
   859 | D:2      | Reached skill level 1 in Crossbows
   859 | D:2      | Reached skill level 1 in Throwing
   859 | D:2      | Reached skill level 1 in Dodging
   859 | D:2      | Reached skill level 1 in Stealth
   859 | D:2      | Reached skill level 1 in Unarmed Combat
   859 | D:2      | Reached skill level 1 in Spellcasting
   859 | D:2      | Reached skill level 1 in Evocations
  1032 | D:2      | Reached XP level 4. HP: 41/41 MP: 5/5
  1038 | D:2      | Noticed Sigmund
  1133 | D:2      | Killed Sigmund
  1133 | D:2      | Reached skill level 1 in Conjurations
  1133 | D:2      | Reached skill level 1 in Hexes
  1133 | D:2      | Reached skill level 1 in Charms
  1133 | D:2      | Reached skill level 1 in Summonings
  1133 | D:2      | Reached skill level 1 in Necromancy
  1133 | D:2      | Reached skill level 1 in Translocations
  1133 | D:2      | Reached skill level 1 in Transmutations
  1133 | D:2      | Reached skill level 1 in Fire Magic
  1133 | D:2      | Reached skill level 1 in Ice Magic
  1133 | D:2      | Reached skill level 1 in Air Magic
  1133 | D:2      | Reached skill level 1 in Earth Magic
  1133 | D:2      | Reached skill level 1 in Poison Magic
  1133 | D:2      | Reached XP level 5. HP: 21/47 MP: 5/7
  1426 | D:2      | Reached XP level 6. HP: 53/53 MP: 8/8
  1699 | D:2      | Found a runed door.
  2333 | D:3      | Found a large runed door.
  2333 | D:3      | Found a large runed door.
  2342 | D:3      | Noticed Gorglomux's ghost (amateur DsGl)
  2764 | D:4      | Reached skill level 5 in Axes
  3001 | D:4      | Reached XP level 7. HP: 44/59 MP: 10/10
  3574 | D:5      | Entered Level 5 of the Dungeon
  3808 | D:5      | Found a glowing drain.
  3818 | Sewer    | Entered a sewer
  4405 | Sewer    | Reached XP level 8. HP: 59/67 MP: 12/12
  6783 | D:6      | Reached XP level 9. HP: 53/72 MP: 14/14
  7424 | D:6      | Noticed Pikel
  7455 | D:6      | Killed Pikel
  7717 | D:6      | Found Litz's Distillery.
  7729 | D:6      | Bought a potion of curing for 33 gold pieces
  7729 | D:6      | Bought a potion of agility for 44 gold pieces
  7729 | D:6      | Bought a potion of degeneration for 11 gold pieces
  7729 | D:6      | Bought a potion of magic for 88 gold pieces
  7729 | D:6      | Bought a potion of brilliance for 44 gold pieces
  7729 | D:6      | Bought 2 potions of flight for 66 gold pieces
  8216 | D:7      | Found a staircase to the Ecumenical Temple.
  8224 | Temple   | Entered the Ecumenical Temple
  8318 | Temple   | Became a worshipper of the Wu Jian Council
  8399 | D:7      | Reached skill level 5 in Invocations
  8424 | D:7      | Found a flagged portal.
  8430 | Bailey   | Entered a bailey
  8700 | Bailey   | Found an iron altar of Okawaru.
  8700 | Bailey   | Noticed a kobold demonologist
  8700 | Bailey   | Noticed a kobold demonologist
  8708 | Bailey   | Noticed a hellwing
  8710 | Bailey   | Reached XP level 10. HP: 41/80 MP: 17/17
  8714 | Bailey   | Slain by a hellwing

Skill      XL: |  1  2  3  4  5  6  7  8  9 |
---------------+----------------------------+-----
Invocations    | 1 2 3 4 5 |  5.2
Short Blades   | 1 2 3 4 |  4.7
Long Blades    | 1 2 3 4 |  4.7
Maces & Flails | 1 2 3 4 |  4.7
Polearms       | 1 2 3 4 |  4.7
Staves         | 1 2 3 4 |  4.7
Slings         | 1 2 3 4 |  4.7
Bows           | 1 2 3 4 |  4.7
Crossbows      | 1 2 3 4 |  4.7
Throwing       | 1 2 3 4 |  4.7
Dodging        | 1 2 3 4 |  4.7
Stealth        | 1 2 3 4 |  4.7
Unarmed Combat | 1 2 3 4 |  4.7
Spellcasting   | 1 2 3 4 |  4.7
Evocations     | 1 2 3 4 |  4.7
Conjurations   | 1 2 3 |  3.9
Hexes          | 1 2 3 |  3.9
Charms         | 1 2 3 |  3.9
Summonings     | 1 2 3 |  3.9
Necromancy     | 1 2 3 |  3.9
Translocations | 1 2 3 |  3.9
Transmutations | 1 2 3 |  3.9
Fire Magic     | 1 2 3 |  3.9
Ice Magic      | 1 2 3 |  3.9
Air Magic      | 1 2 3 |  3.9
Earth Magic    | 1 2 3 |  3.9
Poison Magic   | 1 2 3 |  3.9
Axes           | 5 6 |  6.6
Fighting       | 7 8 |  8.1
Armour         | 7 8 |  8.1
Shields        | 7 8 |  8.1

Action                   |  1- 3 |  4- 6 |  7- 9 | 10-12 || total
-------------------------+-------+-------+-------+-------++-------
Melee: War axe           |    65 |    94 |   445 |     3 ||   607
       Bite              |     6 |    11 |    69 |       ||    86
Invok: Lunge             |       |       |     2 |       ||     2
  Use: Potion            |       |     1 |     6 |     1 ||     8
       Scroll            |       |       |     6 |       ||     6
 Stab: Sleeping          |       |       |     1 |       ||     1
  Eat: Chunk             |       |     6 |    16 |       ||    22
       Ration            |       |       |     2 |       ||     2
Armor: Scale mail        |    30 |    23 |   143 |     2 ||   198
Dodge: Dodged            |    23 |    35 |   210 |    13 ||   281
Block: Shield            |    53 |    48 |   298 |     6 ||   405

Vault maps used:
D:1:      enne_arrival_octagon_isle, minmay_misc_feat_cross,
          hangedman_decor_clover_reticule
D:2:      uniq_sigmund, uniq_crazy_yiuf_cottage
D:3:      wad_river_or_something, ebering_ghost_disaster_area
D:4:      first_ration
D:5:      gup_sewer_entry_spiral
D:6:      serial_shops, nicolae_shop_competitors_out_of_business, uniq_pikel
D:7:      gammafunk_temple_overflow_pools, minmay_temple_entry_enclosed_plants,
          enter_bailey_3, st_stairs_14
Temple:   eino_narrow_crystal_temple
Sewer:    sewer_minmay_treatment
Bailey:   bailey_axe_of_yendor_kennysheep, bailey
